[Event "Titled Tuesday Blitz June 28 Early 2022"]
[White "Hamley, Ryan"]
[Black "Kohler, Aran"]
[WhiteFideId "30959497"]
[BlackFideId "1002856"]
[WhiteElo "2479"]
[BlackElo "2269"]
[Result "1/2-1/2"]
[Round "08"]
[TimeControl "180+1"]
[Date "2022.06.28"]
[WhiteClock "0:01:36"]
[BlackClock "0:02:46"]

1. d4 Nf6 2. c4 e6 3. Nf3 d5 4. g3 c6 5. Bg2 Nbd7 6. O-O dxc4 7. a4 a5 8. Qc2 Nb6 9. Rd1 Nfd5 10. e4 Nb4 11. Qe2 Be7 12. Be3 O-O 13. Nbd2 Nc2 14. Ra2 Nb4 15. Raa1 Nc2 16. Ra2 Nb4 17. Ra3 Nc2 18. Ra2 1/2-1/2


[Site "https://www.chess.com"]

[Event "Titled Tuesday Blitz June 28 Early 2022"]
[White "Dronavalli, Harika"]
[Black "Jeet, Jain"]
[WhiteFideId "5015197"]
[BlackFideId "5073022"]
[WhiteElo "2382"]
[BlackElo "2055"]
[Result "1/2-1/2"]
[Round "08"]
[TimeControl "180+1"]
[Date "2022.06.28"]
[WhiteClock "0:00:18"]
[BlackClock "0:00:28"]

1. d4 d5 2. Nf3 Nf6 3. c4 c6 4. g3 Bf5 5. Nbd2 e6 6. Bg2 h6 7. O-O Nbd7 8. b3 Be7 9. Bb2 O-O 10. Re1 a6 11. Ne5 Bh7 12. e4 dxe4 13. Nxe4 Nxe4 14. Bxe4 Bxe4 15. Rxe4 Nxe5 16. dxe5 Qxd1+ 17. Rxd1 Rfd8 18. Red4 Rxd4 19. Rxd4 Rd8 20. Rxd8+ Bxd8 21. f4 g5 22. Kf2 gxf4 23. gxf4 Kg7 24. Kf3 Kg6 25. Ke4 Kh5 26. f5 Kg4 27. f6 Bb6 28. Bc1 h5 29. Bf4 Bg1 30. b4 Kh3 31. Kf3 Bxh2 32. Bxh2 Kxh2 33. Kf2 h4 34. c5 Kh3 35. Kf3 Kh2 36. Kf2 Kh1 37. Kf1 h3 38. Kf2 Kh2 39. a3 Kh1 40. Kf1 Kh2 41. Kf2 Kh1 42. Kf1 Kh2 43. Kf2 1/2-1/2


[Site "https://www.chess.com"]

[Event "Titled Tuesday Blitz June 28 Early 2022"]
[White "Harsh Suresh"]
[Black "Johnson, Ben"]
[WhiteFideId "45018464"]
[BlackFideId "2010917"]
[WhiteElo "2059"]
[BlackElo "2192"]
[Result "1-0"]
[Round "08"]
[TimeControl "180+1"]
[Date "2022.06.28"]
[WhiteClock "0:02:02"]
[BlackClock "0:00:28"]

1. e4 c5 2. Nc3 Nc6 3. Bb5 Nd4 4. Bc4 e6 5. Nge2 Ne7 6. O-O a6 7. Nxd4 cxd4 8. Ne2 b5 9. Bb3 Qb6 10. d3 e5 11. f4 d6 12. fxe5 Be6 13. exd6 Qxd6 14. Bf4 Qd7 15. Bxe6 fxe6 16. Qe1 Ng6 17. Qg3 Bc5 18. h4 O-O 19. h5 Nxf4 20. Nxf4 Bd6 21. Qg4 Bxf4 22. Rxf4 Rxf4 23. Qxf4 Rf8 24. Qg5 h6 25. Qe5 Qc6 26. Rc1 Rd8 27. c4 bxc4 28. Rxc4 Qb6 29. Rc7 1-0


[Site "https://www.chess.com"]

[Event "Titled Tuesday Blitz June 28 Early 2022"]
[White "Heinemann, Josefine"]
[Black "Boraso, Alessio"]
[WhiteFideId "12900460"]
[BlackFideId "848077"]
[WhiteElo "2300"]
[BlackElo "2286"]
[Result "1-0"]
[Round "08"]
[TimeControl "180+1"]
[Date "2022.06.28"]
[WhiteClock "0:00:32"]
[BlackClock "0:00:02"]

1. Nf3 Nf6 2. g3 d5 3. Bg2 Bf5 4. O-O e6 5. c4 c6 6. b3 Nbd7 7. Bb2 Be7 8. d3 h6 9. Nc3 O-O 10. Rc1 a5 11. Nd4 Bh7 12. e4 c5 13. Ndb5 d4 14. Ne2 e5 15. h3 Ne8 16. f4 Ra6 17. f5 Bg5 18. Rc2 Kh8 19. Kh2 Nd6 20. Nxd6 Rxd6 21. Bc1 b6 22. h4 Bxc1 23. Qxc1 f6 24. Ng1 Bg8 25. g4 Bf7 26. Kh1 Re8 27. Bf3 Nf8 28. Rh2 Nh7 29. Rff2 Re7 30. a4 Kg8 31. Rfg2 Kf8 32. Qd1 Ke8 33. Nh3 Kd7 34. g5 hxg5 35. hxg5 Be8 36. g6 Nf8 37. Ng1 Kc7 38. Rh8 Bc6 39. Rgh2 Re8 40. Rg8 Rd7 41. Rhh8 Qe7 42. Qf1 Rdd8 43. Qh3 Nd7 44. Qh7 Rxg8 45. Rxg8 Rxg8 46. Qxg8 Qf8 47. Qh7 Nb8 48. Ne2 Na6 49. Ng3 Nb4 50. Nh5 Nxd3 51. Qxg7+ Qxg7 52. Nxg7 Nf4 53. Ne6+ Nxe6 54. fxe6 f5 55. g7 fxe4 56. Bg2 e3 57. g8=Q e2 58. Qg3 1-0


[Site "https://www.chess.com"]

[Event "Titled Tuesday Blitz June 28 Early 2022"]
[White "Hoffmann, Asa"]
[Black "Ouellet, Maili-Jade"]
[WhiteFideId "2001470"]
[BlackFideId "2620472"]
[WhiteElo "2117"]
[BlackElo "1899"]
[Result "0-1"]
[Round "08"]
[TimeControl "180+1"]
[Date "2022.06.28"]
[WhiteClock "0:00:34"]
[BlackClock "0:00:09"]

1. d4 d5 2. Bg5 h6 3. Bh4 c6 4. e3 Nd7 5. c4 Ngf6 6. Nc3 e6 7. f4 Be7 8. Nf3 O-O 9. Bd3 a6 10. O-O b5 11. cxb5 cxb5 12. Ne5 Bb7 13. Rc1 Ne4 14. Bxe7 Qxe7 15. Bxe4 dxe4 16. Qh5 Nf6 17. Qh4 Nd5 18. Qg3 Nb4 19. f5 exf5 20. Rxf5 Nd3 21. Rcf1 Nxe5 22. Rxe5 Qb4 23. Nxe4 Bxe4 24. Rxe4 Qxb2 25. Rg4 g6 26. h4 Kh7 27. Rf6 h5 28. Rgxg6 Qb1+ 29. Kh2 fxg6 30. Qc7+ Kg8 31. Re6 Qf5 32. Qd6 Kg7 33. Qd7+ Rf7 34. Qd6 Raf8 35. d5 Rf6 36. Re7+ R8f7 37. Re6 Qg4 38. Rxf6 Qxh4+ 39. Kg1 Qxf6 0-1


[Site "https://www.chess.com"]

[Event "Titled Tuesday Blitz June 28 Early 2022"]
[White "Hovhannisyan, Robert"]
[Black "Ladopoulos, Dimitrios"]
[WhiteFideId "13302507"]
[BlackFideId "4239580"]
[WhiteElo "2570"]
[BlackElo "2195"]
[Result "1-0"]
[Round "08"]
[TimeControl "180+1"]
[Date "2022.06.28"]
[WhiteClock "0:01:42"]
[BlackClock "0:01:48"]

1. e4 e6 2. d4 d5 3. Nc3 Nf6 4. Bg5 dxe4 5. Nxe4 Be7 6. Nxf6+ gxf6 7. Be3 Nd7 8. g3 c6 9. Nf3 b6 10. Bg2 Bb7 11. O-O f5 12. c4 Nf6 13. Ne5 Qc7 14. Bf4 Bd6 15. Qe2 O-O-O 16. c5 bxc5 17. dxc5 Bxc5 18. Nxc6 Rd6 19. Bxd6 Qxd6 20. Rfd1 Qc7 1-0


[Site "https://www.chess.com"]

[Event "Titled Tuesday Blitz June 28 Early 2022"]
[White "Ianov, Viktor"]
[Black "Bolanos, Fernando"]
[WhiteFideId "14102730"]
[BlackFideId "3304094"]
[WhiteElo "2152"]
[BlackElo "2048"]
[Result "1-0"]
[Round "08"]
[TimeControl "180+1"]
[Date "2022.06.28"]
[WhiteClock "0:01:41"]
[BlackClock "0:00:56"]

1. Nf3 d5 2. g3 Nf6 3. Bg2 Bf5 4. O-O c6 5. d3 e6 6. c4 Be7 7. Be3 O-O 8. Qb3 b6 9. Nc3 Nbd7 10. Nd4 dxc4 11. dxc4 Nc5 12. Qd1 Nfe4 13. Nxc6 Qc7 14. Nxe7+ Qxe7 15. Bxc5 Nxc5 16. Bxa8 Rxa8 17. Qd2 Qb7 18. f3 Nd7 19. Rfd1 Nf6 20. e4 Bg6 21. b3 h5 22. h4 Qc7 23. Kg2 b5 24. Nxb5 Qc6 25. Qd6 Qb7 26. Qc7 Qa6 27. Rd6 Qc8 28. Qxc8+ Rxc8 29. Nxa7 Ra8 30. Nb5 Kf8 31. a4 Ke7 32. Rad1 Bh7 33. e5 Ne8 34. Rd7+ Kf8 35. Rd8 Rxd8 36. Rxd8 Ke7 37. Ra8 Bc2 38. Ra7+ Kd8 39. Nd4 Bd1 40. Rxf7 Kc8 41. a5 Nc7 42. Rxg7 Na6 43. g4 hxg4 44. fxg4 Nc5 45. h5 Nd3 46. h6 1-0


[Site "https://www.chess.com"]

[Event "Titled Tuesday Blitz June 28 Early 2022"]
[White "Ibarra Jerez, Jose Carlos"]
[Black "Rustemov, Alexander"]
[WhiteFideId "2226332"]
[BlackFideId "4119002"]
[WhiteElo "2628"]
[BlackElo "2749"]
[Result "1-0"]
[Round "08"]
[TimeControl "180+1"]
[Date "2022.06.28"]
[WhiteClock "0:00:05"]
[BlackClock "0:00:06"]

1. Nf3 d5 2. g3 c6 3. Bg2 Bf5 4. O-O e6 5. d3 Nf6 6. c4 dxc4 7. dxc4 Qxd1 8. Rxd1 Bc2 9. Rf1 Nbd7 10. Nc3 Bb4 11. Nd4 Bg6 12. Na4 O-O 13. a3 Be7 14. Nb3 Bc2 15. Nd2 Bxa4 16. b3 Nc5 17. bxa4 Nxa4 18. Nb3 Nd7 19. Na5 Rab8 20. Bf4 e5 21. Rfd1 Nac5 22. Be3 Nb6 23. Rab1 f5 24. f4 e4 25. h3 g6 26. g4 Kf7 27. Kh2 Ke6 28. Kg3 Rfd8 29. Rxd8 Rxd8 30. Bxc5 Bxc5 31. Nxb7 Be7 32. Nxd8+ Bxd8 33. c5 Nd5 34. gxf5+ gxf5 35. Rb3 Be7 36. Rb7 a5 37. h4 h6 38. Bh3 Bxc5 39. Rh7 Bxa3 40. Rxh6+ Nf6 41. Rg6 Bb4 42. Rg5 Be1+ 43. Kg2 Bxh4 44. Rxf5 Kd6 45. Rxa5 Nd5 46. e3 Nxe3+ 47. Kh2 Nd5 48. f5 e3 49. Bg4 Ke5 50. Ra6 Kf4 51. Bh5 Nf6 52. Be2 c5 53. Ra4+ Kg5 54. Rc4 Kxf5 55. Rxh4 Ke5 56. Rc4 Ne4 57. Rc1 Kd4 58. Kg2 Nd2 59. Ra1 c4 60. Ra8 c3 61. Rd8+ Ke4 62. Rc8 Kd4 63. Kg3 Ne4+ 64. Kf4 Nc5 65. Rd8+ Nd7 66. Rxd7+ Kc5 67. Rc7+ Kb4 68. Kxe3 Kb3 69. Kd3 c2 70. Rxc2 1-0


[Site "https://www.chess.com"]

[Event "Titled Tuesday Blitz June 28 Early 2022"]
[White "Iinuma, Paul Y"]
[Black "Silvestre, Christian"]
[WhiteFideId "2031809"]
[BlackFideId "30956269"]
[WhiteElo "2052"]
[BlackElo "2349"]
[Result "1-0"]
[Round "08"]
[TimeControl "180+1"]
[Date "2022.06.28"]
[WhiteClock "0:02:31"]
[BlackClock "0:02:29"]

1. e4 c5 2. d4 cxd4 3. c3 d3 4. Bxd3 Nc6 5. c4 g6 6. Nf3 b6 7. O-O Bb7 8. Re1 d6 9. Nc3 Bg7 10. Nd5 e6 11. Bg5 Qd7 12. Bc2 exd5 13. exd5+ Nce7 14. Ba4 1-0


[Site "https://www.chess.com"]

[Event "Titled Tuesday Blitz June 28 Early 2022"]
[White "Ismagilov, Damir"]
[Black "Daneshvar, Bardiya"]
[WhiteFideId "34199982"]
[BlackFideId "12576468"]
[WhiteElo "2138"]
[BlackElo "2303"]
[Result "0-1"]
[Round "08"]
[TimeControl "180+1"]
[Date "2022.06.28"]
[WhiteClock "0:00:01"]
[BlackClock "0:00:05"]

1. d4 Nf6 2. c4 g6 3. Nc3 d5 4. cxd5 Nxd5 5. e4 Nxc3 6. bxc3 Bg7 7. Qa4+ Nd7 8. Nf3 O-O 9. Be2 Nf6 10. Qc2 c5 11. O-O cxd4 12. cxd4 b6 13. Bb2 Bb7 14. Bd3 Rc8 15. Qe2 e6 16. a4 Nh5 17. Qe3 f5 18. Rfc1 Rxc1+ 19. Rxc1 fxe4 20. Bxe4 Bxe4 21. Qxe4 Nf4 22. g3 Qd5 23. Qxd5 Nxd5 24. Kg2 h6 25. Rc6 Kf7 26. Ne5+ Bxe5 27. dxe5 Rb8 28. h4 a5 29. Rd6 b5 30. Rd7+ Kg8 31. axb5 Rxb5 32. Bc1 h5 33. Ra7 Nb4 34. Bh6 Rxe5 35. Rg7+ Kh8 36. Re7 Nc6 37. Rc7 Rc5 38. Rc8+ Kh7 39. Bg5 Kg7 40. Rc7+ Kg8 41. Rc8+ Kf7 42. Rc7+ Ke8 43. Rc8+ Kd7 44. Rg8 Ne5 45. Rg7+ Kc6 46. Bf4 a4 47. Ra7 Ng4 48. Rxa4 Rc2 49. Ra6+ Kd7 50. Ra7+ Ke8 51. Ra8+ Kf7 52. Ra7+ Ke8 53. Ra8+ Kd7 54. Ra7+ Kc8 55. Ra8+ Kb7 56. Rb8+ Ka7 57. Re8 Rxf2+ 58. Kg1 Re2 59. Rg8 e5 60. Bg5 e4 61. Rg7+ Kb6 62. Rxg6+ Kc5 63. Re6 Kd5 64. Re8 Ne5 65. Rd8+ Ke6 66. Re8+ Kf5 67. Rf8+ Kg4 68. Bf4 Nf3+ 69. Kf1 Ra2 70. Rg8+ Kh3 71. Re8 Nh2+ 72. Ke1 Ra4 73. Ke2 Kg2 74. Ke3 Nf1+ 75. Ke2 Ra2+ 76. Ke1 Ra4 77. Ke2 Nxg3+ 78. Bxg3 Kxg3 79. Ke3 Kxh4 80. Rg8 Kh3 81. Rg5 h4 82. Rg8 Kh2 83. Rg7 h3 84. Rg8 Kh1 85. Rg7 h2 86. Rg8 Rb4 87. Rg7 Ra4 88. Rg8 Ra1 89. Kxe4 Rg1 90. Rh8 Rg7 91. Kf3 Kg1 92. Ra8 h1=Q+ 0-1


[Site "https://www.chess.com"]

[Event "Titled Tuesday Blitz June 28 Early 2022"]
[White "Ismayil, Malak"]
[Black "Gardezi, Arsal"]
[WhiteFideId "13412604"]
[BlackFideId "30949521"]
[WhiteElo "1879"]
[BlackElo "1781"]
[Result "1-0"]
[Round "08"]
[TimeControl "180+1"]
[Date "2022.06.28"]
[WhiteClock "0:00:06"]
[BlackClock "0:00:01"]

1. e4 e5 2. Nf3 Nc6 3. Bc4 Nf6 4. d3 Bc5 5. Nc3 O-O 6. O-O h6 7. h3 d6 8. Be3 Bb6 9. Qd2 Bxe3 10. fxe3 Be6 11. Bd5 Ne7 12. Bb3 Ng6 13. d4 exd4 14. exd4 d5 15. e5 Ne4 16. Qe3 Ng3 17. Rf2 Nf5 18. Qd3 Nf4 19. Qd2 Ng6 20. Raf1 Qd7 21. Nh2 c5 22. dxc5 Nxe5 23. Nxd5 Rad8 24. c4 Ng3 25. Re1 Nxc4 26. Bxc4 Bxd5 27. Rd1 Bc6 28. Qxd7 Rxd7 29. Rxd7 Bxd7 30. Nf3 Re8 31. Kh2 Ne4 32. Rf1 Nf6 33. Rd1 Bc6 34. Nd4 Rd8 35. Bb3 Be4 36. Nb5 Rxd1 37. Bxd1 Nd7 38. b4 Nb8 39. Bb3 a6 40. Nd6 Bg6 41. Nxb7 Nc6 42. a3 Nd4 43. Bc4 Nc2 44. Bxa6 Nxa3 45. c6 Bf5 46. Nd6 Be6 47. c7 Nc2 48. c8=Q+ Bxc8 49. Bxc8 Nxb4 50. Bg4 Kf8 51. Be2 Nd5 52. Bc4 Ne3 53. Bb3 f6 54. Kg3 Ke7 55. Ne4 Nf5+ 56. Kf4 Nd4 57. Bc4 Nc6 58. Ng3 Ne5 59. Nf5+ Kf8 60. Bb5 Ng6+ 61. Ke3 Ne5 62. Nd6 Ke7 63. Nf5+ Kf8 64. Kd4 Ng6 65. Ke4 Ne5 66. g3 Nf7 67. Bc6 Ne5 68. Bd5 Nd7 69. Kf4 Nb6 70. Be6 Na4 71. Ne3 Nc5 72. Bc4 Nd7 73. Nd5 Ne5 74. Bb3 Nd3+ 75. Ke3 Nc5 76. Bc4 Nd7 77. Nc3 Ne5 78. Bd5 Ng6 79. h4 Ne7 80. Be6 Nc6 81. Nd5 Ne5 82. Nf4 Ke7 83. Bb3 Kf8 84. Ke4 Ke7 85. Kf5 1-0


[Site "https://www.chess.com"]

[Event "Titled Tuesday Blitz June 28 Early 2022"]
[White "Ivanov, Mike"]
[Black "Bommini, Mounika Akshaya"]
[WhiteFideId "2613158"]
[BlackFideId "25019872"]
[WhiteElo "2182"]
[BlackElo "1680"]
[Result "0-1"]
[Round "08"]
[TimeControl "180+1"]
[Date "2022.06.28"]
[WhiteClock "0:00:03"]
[BlackClock "0:00:09"]

1. e4 Nc6 2. Nf3 d6 3. d4 Nf6 4. Nc3 Bg4 5. d5 Nb8 6. Be2 g6 7. h3 Bc8 8. Be3 Bg7 9. Qd2 O-O 10. Bh6 e5 11. h4 c5 12. h5 Nxh5 13. Bxg7 Kxg7 14. Ng5 h6 15. Nh3 Nf6 16. O-O-O Rh8 17. f4 Bg4 18. Nf2 Bxe2 19. Nxe2 Nbd7 20. g3 b5 21. Rh2 b4 22. Rdh1 h5 23. g4 Qa5 24. Kb1 hxg4 25. Rxh8 Rxh8 26. Rxh8 Kxh8 27. Ng3 Qd8 28. f5 Kg7 29. Qg5 Qh8 30. Nxg4 Nxg4 31. Qxg4 Nf6 32. Qf3 Qh2 33. a3 g5 34. axb4 cxb4 35. Qe3 Qh4 36. b3 Qf4 37. Qe1 Qh4 38. Qg1 Ng4 39. Qe1 Nh2 40. Qg1 Nf3 41. Qf2 Nd4 42. Kb2 Qf4 43. Qg1 Qd2 44. Nh5+ Kh6 45. Ng3 Qxc2+ 46. Ka1 Nxb3# 0-1


[Site "https://www.chess.com"]

[Event "Titled Tuesday Blitz June 28 Early 2022"]
[White "Janaszak, Dawid"]
[Black "OKEKE, Isaac Chukwudalu"]
[WhiteFideId "1119206"]
[BlackFideId "8508526"]
[WhiteElo "2199"]
[BlackElo "2102"]
[Result "1-0"]
[Round "08"]
[TimeControl "180+1"]
[Date "2022.06.28"]
[WhiteClock "0:00:29"]
[BlackClock "0:00:05"]

1. d4 Nf6 2. Bf4 c5 3. d5 Qb6 4. Nd2 Nxd5 5. Bg3 Nc6 6. e3 Qxb2 7. Rb1 Qa3 8. Rb3 Qa5 9. Nf3 Nc3 10. Qa1 Nxa2 11. c3 d5 12. Bb5 Bd7 13. O-O c4 14. Bxc6 Bxc6 15. Rb2 Qxc3 16. Be5 Qd3 17. Rxa2 f6 18. Bd4 a5 19. Rxa5 Rxa5 20. Qxa5 e5 21. Qa8+ Kf7 22. Bxe5 c3 23. Nb3 c2 24. Nc1 Qd1 25. Bb2 Bb5 26. Qxb7+ Be7 27. Qxb5 Rc8 28. Nd4 Kg8 29. Qxd5+ Kh8 30. Qd7 1-0


[Site "https://www.chess.com"]

[Event "Titled Tuesday Blitz June 28 Early 2022"]
[White "Jaracz, Pawel"]
[Black "Karavade, Eesha"]
[WhiteFideId "1102222"]
[BlackFideId "5012600"]
[WhiteElo "2459"]
[BlackElo "2258"]
[Result "0-1"]
[Round "08"]
[TimeControl "180+1"]
[Date "2022.06.28"]
[WhiteClock "0:00:07"]
[BlackClock "0:00:20"]

1. d4 Nf6 2. c4 e6 3. Nc3 Bb4 4. e3 d5 5. Qa4+ Nc6 6. a3 Bxc3+ 7. bxc3 O-O 8. Nf3 Bd7 9. Qc2 dxc4 10. Bxc4 Na5 11. Bd3 c5 12. O-O cxd4 13. cxd4 Rc8 14. Qb2 b6 15. Ne5 Ba4 16. Qb4 Bc2 17. Ba6 Rc7 18. Ra2 Nd5 19. Qe1 Nb3 20. Bd2 Nxd2 21. Qxd2 Ba4 22. Rc1 Rxc1+ 23. Qxc1 Qc7 24. Qxc7 Nxc7 25. Bd3 Rc8 26. e4 f6 27. Nf3 Nb5 28. Bxb5 Bxb5 29. g4 Rc1+ 30. Kg2 Bf1+ 31. Kg3 Rc3 32. h4 Kf7 33. Kf4 Bc4 34. Ra1 a5 35. Rb1 b5 36. Nd2 Rxa3 37. Nxc4 bxc4 38. Rb7+ Kf8 39. Rc7 c3 40. d5 exd5 41. exd5 Ra2 42. d6 Rxf2+ 43. Ke3 Rd2 44. d7 a4 45. Ra7 Ke7 46. d8=Q+ Kxd8 47. Rxg7 a3 48. Ra7 a2 49. g5 fxg5 50. hxg5 Kc8 0-1


[Site "https://www.chess.com"]

[Event "Titled Tuesday Blitz June 28 Early 2022"]
[White "Jaskolka, Tomasz"]
[Black "Costachi, Mihnea"]
[WhiteFideId "1170791"]
[BlackFideId "1217518"]
[WhiteElo "2073"]
[BlackElo "2476"]
[Result "1-0"]
[Round "08"]
[TimeControl "180+1"]
[Date "2022.06.28"]
[WhiteClock "0:00:10"]
[BlackClock "0:00:15"]

1. d4 Nf6 2. Bf4 c5 3. e3 Qb6 4. Nc3 cxd4 5. Nb5 d6 6. Qxd4 Qa5+ 7. b4 Qd8 8. Qc3 Nc6 9. Nd4 Bd7 10. Nxc6 Bxc6 11. Bg3 Rc8 12. Qb3 g6 13. Nf3 Bg7 14. Rc1 Qd7 15. Be2 Ba4 16. Qd3 Nh5 17. O-O Rc3 18. Qd2 Nxg3 19. hxg3 O-O 20. Nd4 Rfc8 21. Bd3 Qc7 22. Bb5 Bxc2 23. Ne2 Be4 24. Nxc3 Bxc3 25. Qe2 Qd8 26. Bd3 Bxd3 27. Qxd3 Bxb4 28. Rxc8 Qxc8 29. Rb1 Bc5 30. a4 b6 31. Kf1 e6 32. Qb5 h5 33. Ke2 Qa8 34. f3 Qd5 35. Rd1 Qg5 36. Qd3 Qxg3 37. Kf1 h4 38. Qe4 h3 39. gxh3 Qxh3+ 40. Ke2 Qg2+ 41. Kd3 d5 42. Qg4 Qa2 43. Qf4 Qb3+ 44. Ke2 Bb4 45. Rh1 Qc4+ 46. Qxc4 dxc4 47. Rh4 Kf8 48. Rxc4 Bc5 49. e4 f5 50. a5 Ke7 51. a6 Kd6 52. exf5 gxf5 53. Rh4 Kc6 54. Rh7 b5 55. Rb7 Bb6 56. Kd3 Bc5 57. f4 Bb6 58. Kc3 Bc5 59. Kb3 Bb6 60. Kb4 Be3 61. Kc3 Bc5 62. Kd3 Bf2 63. Rb8 Bb6 64. Re8 Kd7 65. Rh8 Kc6 66. Rh6 Kd5 67. Rh7 b4 68. Rb7 Kc5 69. Kc2 Kc4 70. Rxb6 axb6 71. a7 b3+ 72. Kb2 Kb4 73. a8=Q 1-0


[Site "https://www.chess.com"]

[Event "Titled Tuesday Blitz June 28 Early 2022"]
[White "Jia, Haoxiang"]
[Black "Zhigalko, Sergei"]
[WhiteFideId "8602999"]
[BlackFideId "13502956"]
[WhiteElo "2621"]
[BlackElo "2662"]
[Result "0-1"]
[Round "08"]
[TimeControl "180+1"]
[Date "2022.06.28"]
[WhiteClock "0:01:41"]
[BlackClock "0:01:58"]

1. d4 Nf6 2. c4 e6 3. Nf3 b6 4. g3 Ba6 5. Qc2 Bb4+ 6. Bd2 Be7 7. Bg2 O-O 8. O-O c6 9. b3 d5 10. a4 Nbd7 11. a5 Ne4 12. Rc1 b5 13. cxd5 cxd5 14. Be1 b4 15. Ne5 Nxe5 16. Bxe4 dxe4 17. dxe5 Rc8 18. Qb2 Rxc1 19. Qxc1 Bxe2 20. Qe3 Qd1 21. Qd2 Rd8 0-1


[Site "https://www.chess.com"]

[Event "Titled Tuesday Blitz June 28 Early 2022"]
[White "Jiganchine, Roman"]
[Black "Omariev, Maksim"]
[WhiteFideId "2603667"]
[BlackFideId "4193423"]
[WhiteElo "2295"]
[BlackElo "2479"]
[Result "0-1"]
[Round "08"]
[TimeControl "180+1"]
[Date "2022.06.28"]
[WhiteClock "0:00:01"]
[BlackClock "0:00:22"]

1. Nf3 d5 2. e3 Nf6 3. c4 c6 4. Nc3 e6 5. b3 Be7 6. Bb2 O-O 7. d4 Nbd7 8. Bd3 b6 9. O-O Bb7 10. Qe2 c5 11. Rad1 cxd4 12. exd4 Rc8 13. Rfe1 Qc7 14. Ne5 Rfd8 15. cxd5 Nxe5 16. dxe5 Nxd5 17. Nxd5 Rxd5 18. h3 Rcd8 19. Bc4 R5d7 20. Rxd7 Qxd7 21. Qg4 g6 22. Bc1 h5 23. Qg3 b5 24. Bf1 a6 25. Bg5 Rc8 26. Bxe7 Qxe7 27. Qd3 Rc5 28. Qe3 Qc7 29. Qf4 Rc2 30. Qf6 Rxa2 31. Rd1 Bd5 32. Rxd5 exd5 33. e6 Rc2 34. e7 Qd7 35. Bd3 Rc1+ 36. Kh2 Rc6 37. Qg5 Re6 38. Bf5 Qd6+ 39. g3 Rxe7 40. Bd3 Kg7 41. Qd2 d4 42. Qg5 Qe5 43. Qd2 Qf6 44. f4 Re3 45. Bf1 h4 46. Bg2 hxg3+ 47. Kg1 Qxf4 48. Qd1 Qf2+ 49. Kh1 Re1+ 0-1


[Site "https://www.chess.com"]

[Event "Titled Tuesday Blitz June 28 Early 2022"]
[White "Jones, Gawain C B"]
[Black "Orlov, Georgi"]
[WhiteFideId "409561"]
[BlackFideId "2011271"]
[WhiteElo "2657"]
[BlackElo "2572"]
[Result "1-0"]
[Round "08"]
[TimeControl "180+1"]
[Date "2022.06.28"]
[WhiteClock "0:00:03"]
[BlackClock "0:00:04"]

1. Nf3 Nf6 2. c4 e6 3. b3 d5 4. Bb2 Be7 5. g3 O-O 6. Bg2 b6 7. O-O Bb7 8. d3 c5 9. e3 Nc6 10. a3 a6 11. Ne5 Nxe5 12. Bxe5 Nd7 13. Bb2 Bf6 14. Qc2 Qc7 15. Nc3 dxc4 16. bxc4 Bxg2 17. Kxg2 Qc6+ 18. f3 Rfd8 19. Ne4 Bxb2 20. Qxb2 f5 21. Nf2 b5 22. Rfc1 Rab8 23. cxb5 axb5 24. d4 c4 25. Nd3 Qd6 26. Nb4 Nb6 27. Re1 Nd5 28. Rab1 Rdc8 29. Nxd5 exd5 30. Qc2 g6 31. e4 fxe4 32. fxe4 dxe4 33. Qxe4 c3 34. Rbc1 Rc4 35. Qf3 Rf8 36. Qe3 Rxd4 37. Rxc3 Qd5+ 38. Kg1 Rd2 39. Qe6+ Qxe6 40. Rxe6 Rff2 41. Rc7 Rg2+ 42. Kf1 Rdf2+ 43. Ke1 Rf8 44. Re2 Rg1+ 45. Kd2 Rd8+ 46. Kc2 1-0


[Site "https://www.chess.com"]

[Event "Titled Tuesday Blitz June 28 Early 2022"]
[White "Jubin Jimmy"]
[Black "Mekhane, Adam"]
[WhiteFideId "46686614"]
[BlackFideId "36050601"]
[WhiteElo "2219"]
[BlackElo "2002"]
[Result "1-0"]
[Round "08"]
[TimeControl "180+1"]
[Date "2022.06.28"]
[WhiteClock "0:00:28"]
[BlackClock "0:00:02"]

1. d4 Nf6 2. c4 g6 3. g3 Bg7 4. Bg2 O-O 5. Nc3 d6 6. Nf3 c6 7. O-O Qa5 8. h3 e5 9. e4 Na6 10. Bd2 Qc7 11. b3 Re8 12. Rc1 exd4 13. Nxd4 Nc5 14. Bf4 Nh5 15. Be3 Nf6 16. Qc2 Qe7 17. Rfe1 Nfxe4 18. Nxc6 bxc6 19. Nxe4 Nxe4 20. Bxe4 Qxe4 21. Bd2 Qxe1+ 22. Rxe1 Rxe1+ 23. Bxe1 Bf5 24. Qc1 d5 25. g4 Be4 26. cxd5 cxd5 27. Qc6 Rd8 28. Qc7 Bf6 29. Bb4 Kg7 30. Be7 Bxe7 31. Qxe7 Rc8 32. Qe5+ Kg8 33. Qd4 Rd8 34. f3 Bb1 35. a4 Bc2 36. Qxa7 Bxb3 37. Qb6 Rd7 38. Qxb3 d4 39. Qd3 Kg7 40. a5 f6 41. a6 Kg8 42. Kf2 Kg7 43. Ke2 Re7+ 44. Kd2 Rd7 45. Qa3 d3 46. a7 1-0


[Site "https://www.chess.com"]

[Event "Titled Tuesday Blitz June 28 Early 2022"]
[White "Kanyamarala, Trisha"]
[Black "Dixit, Arun"]
[WhiteFideId "45004722"]
[BlackFideId "30937671"]
[WhiteElo "2134"]
[BlackElo "2390"]
[Result "1/2-1/2"]
[Round "08"]
[TimeControl "180+1"]
[Date "2022.06.28"]
[WhiteClock "0:01:37"]
[BlackClock "0:00:45"]

1. d4 Nf6 2. c4 e6 3. Nc3 Bb4 4. e3 c5 5. d5 b5 6. a3 Bxc3+ 7. bxc3 bxc4 8. Bxc4 O-O 9. Ne2 Bb7 10. Nf4 g5 11. Nh5 exd5 12. Bd3 Ne4 13. Bxe4 dxe4 14. Qd6 Qb6 15. Qe5 f6 16. Qe7 Rf7 17. Qe8+ Rf8 18. Qe7 Rf7 19. Qe8+ Rf8 20. Qe7 1/2-1/2


[Site "https://www.chess.com"]

[Event "Titled Tuesday Blitz June 28 Early 2022"]
[White "Karaev, Seit-Amet"]
[Black "Large, Peter G"]
[WhiteFideId "4169549"]
[BlackFideId "400866"]
[WhiteElo "2272"]
[BlackElo "2064"]
[Result "1-0"]
[Round "08"]
[TimeControl "180+1"]
[Date "2022.06.28"]
[WhiteClock "0:01:04"]
[BlackClock "0:00:28"]

1. e4 e6 2. d4 d5 3. e5 Ne7 4. c3 b6 5. Nf3 Qd7 6. Bd3 Ba6 7. O-O Bxd3 8. Qxd3 c5 9. a4 Nbc6 10. Na3 h5 11. Nb5 Nf5 12. Bg5 a6 13. Na3 cxd4 14. cxd4 Nb4 15. Qd2 Qxa4 16. Rfc1 Qd7 17. h3 h4 18. Rc3 Be7 19. Rac1 O-O 20. Rc7 Qd8 21. Bxe7 Nxe7 22. Qxb4 Nf5 23. Qxb6 Rb8 24. Qxa6 Rxb2 25. Nb5 Qb8 26. Nd6 Rb1 27. Nxf5 exf5 28. Nxh4 Qxc7 29. Rxb1 Qc2 30. Qb5 Qe4 31. Nf3 Rc8 32. Re1 Qf4 33. Qxd5 Rc1 34. Qa5 Rc2 35. Qd8+ Kh7 36. Qh4+ 1-0


[Site "https://www.chess.com"]

[Event "Titled Tuesday Blitz June 28 Early 2022"]
[White "Kopczynski, Michal"]
[Black "Adewumi, Tanitoluwa"]
[WhiteFideId "1124200"]
[BlackFideId "30966396"]
[WhiteElo "2235"]
[BlackElo "2678"]
[Result "1-0"]
[Round "08"]
[TimeControl "180+1"]
[Date "2022.06.28"]
[WhiteClock "0:00:13"]
[BlackClock "0:00:08"]

1. e4 c5 2. d4 cxd4 3. c3 dxc3 4. Nxc3 e6 5. f4 Nc6 6. Nf3 Bb4 7. Bd3 Nge7 8. O-O O-O 9. Kh1 d6 10. Qe1 Bxc3 11. bxc3 e5 12. f5 f6 13. Bc4+ d5 14. exd5 Na5 15. Bd3 Qxd5 16. Be4 Qc4 17. Ba3 Bxf5 18. Nd2 Qe6 19. Bxe7 Qxe7 20. Rxf5 g6 21. Rf1 f5 22. Bd5+ Kg7 23. Nb3 Nc6 24. Bxc6 bxc6 25. Rd1 Rad8 26. Qe3 e4 27. h3 Qh4 28. Qxa7+ Rf7 29. Qb6 Rxd1 30. Rxd1 Qh5 31. Qd4+ Kg8 32. Nc5 g5 33. Ne6 h6 34. Rf1 g4 35. Qd8+ Kh7 36. Nf4 Qg5 37. Qe8 Re7 38. Qxc6 e3 39. Re1 Qxf4 40. Qf6 Qg5 41. Qxg5 hxg5 42. hxg4 f4 43. Kg1 Ra7 44. Re2 Rc7 45. Rc2 Kg6 46. Kf1 Kf6 47. Ke2 Ke5 48. Kf3 Rd7 49. Re2 Rd3 50. Rc2 Rd1 51. c4 Rf1+ 52. Ke2 Rf2+ 53. Kd3 Rxc2 54. Kxc2 Kd4 55. Kd1 Kxc4 56. Ke2 Kb4 57. g3 Kc5 58. gxf4 gxf4 59. g5 Kd5 60. g6 Ke6 61. a4 Kf6 62. a5 Kxg6 63. a6 Kf5 64. Kf3 e2 65. Kxe2 Ke5 66. a7 Kd6 67. a8=Q Kc7 68. Qf3 Kb6 69. Kd3 Kc5 70. Ke4 Kd6 71. Kxf4 Ke7 72. Qe4+ Kf7 73. Qc6 Kg7 74. Kg5 Kg8 75. Qd7 Kf8 76. Kg6 Kg8 77. Qd8# 1-0


[Site "https://www.chess.com"]